 Dungeon Crawl Stone Soup version 0.14-a0-181-gf6fe0c6 (webtiles) character file.

3463 Malachi the Cleaver (level 9, -31/81 HPs)
             Began as a Deep Dwarf Berserker on Oct 7, 2013.
             Was an Elder of Trog.
             Annihilated by a very large slime creature (35 damage)
             ... on Level 7 of the Dungeon.
             The game lasted 00:18:49 (5669 turns).

Malachi the Cleaver (Deep Dwarf Berserker)          Turns: 5669, Time: 00:18:50

HP -31/81        AC 15     Str 24      XL: 9   Next: 73%
MP   8/8         EV  6     Int  8      God: Trog [****..]
Gold 93          SH  0     Dex 12      Spells:  0 memorised,  8 levels left

Res.Fire  : . . .   See Invis. : .   D - +2,+1 dwarf broad axe
Res.Cold  : . . .   Warding    : .   g - +0 orc plate armour
Life Prot.: . . .   Conserve   : +   (no shield)
Res.Poison: .       Res.Corr.  : .   f - +0 horned helmet
Res.Elec. : .       Clarity    : .   (no cloak)
Sust.Abil.: . .     Spirit.Shd : .   e - +0 pair of gloves
Res.Mut.  : .       Stasis     : .   (no boots)
Res.Rott. : .       Flight     : .   w - amulet of conservation
Saprovore : . . .                    q - ring of protection from magic
                                     (no ring)

@: non-regenerating, exhausted, slowed, very slow, very resistant to hostile
enchantments, extremely unstealthy
A: damage resistance, recharge devices, sense surroundings 2, slow healing 3
a: Device Recharging, Burn Spellbooks, Berserk, Trog's Hand, Brothers in Arms,
Renounce Religion


You were on level 7 of the Dungeon.
You worshipped Trog.
Trog was greatly pleased with you.
You were very hungry.

You visited 1 branch of the dungeon, and saw 7 of its levels.

You collected 240 gold pieces.
You spent 167 gold pieces at shops.

Inventory:

Hand weapons
 a - a +1,+0 dwarven hand axe
 o - a +2,+0 war axe
 D - a +2,+1 dwarven broad axe (weapon)
Missiles
 h - 12 tomahawks (quivered)
Armour
 b - a +0 animal skin
 e - a +0 pair of gloves (worn)
 f - a +0 horned helmet (worn)
 g - a +0 orcish plate armour (worn)
 n - a +0 cloak
 s - the -2 pair of gloves of the Turtledove {+Blink MR++}
   (You bought it in a shop on level 6 of the Dungeon)

   It affects your resistance to hostile enchantments.
   It lets you blink.
Magical devices
 c - a wand of heal wounds (1)
 A - a wand of digging (14) {unknown}
Comestibles
 d - 4 bread rations
 u - a lychee
Scrolls
 i - a scroll of enchant weapon I
 l - a scroll of remove curse
 t - 2 scrolls of identify
 y - a scroll of fear
 z - 3 scrolls of amnesia
Jewellery
 k - a +2 ring of intelligence
 q - a ring of protection from magic (right hand)
 w - an amulet of conservation (around neck)
 B - an uncursed ring of protection from fire {unknown}
Potions
 j - a potion of speed
 m - a potion of curing
 p - 2 potions of agility
 r - 2 potions of mutation
 v - a potion of heal wounds {unknown}


   Skills:
 + Level 5.5 Fighting
 * Level 10.8 Axes
 - Level 0.5 Throwing
 + Level 7.0 Armour
 + Level 6.5 Dodging
 - Level 2.0 Stealth
 + Level 0.4 Evocations


You had 8 spell levels left.
You didn't know any spells.

Dungeon Overview and Level Annotations

Branches:
Dungeon (7/27)
 Temple: D:4-7          Orc: D:6-11

Altars:
Fedhas
Makhleb
Nemelex Xobeh
Okawaru
Xom

Shops:
D:6 [


Innate Abilities, Weirdness & Mutations

You are resistant to damage.
You can recharge devices by infusing magical energy.
You passively map the area around you.
You do not heal naturally.


Message History

Trog accepts your kill. The slime creature closely misses you.
You are too berserk!
The slime creature hits you!
* * * LOW HITPOINT WARNING * * *
You are too berserk!
You feel a strong urge to attack something.
You are no longer berserk.
You are exhausted.
You feel yourself slow down.
You are feeling very hungry.
The slime creature hits you.
* * * LOW HITPOINT WARNING * * *
Two slime creatures merge to form a large slime creature.
The slime creature hits you.
* * * LOW HITPOINT WARNING * * *
Two slime creatures merge to form a very large slime creature.
The very large slime creature barely misses you.
The very large slime creature hits you!
You die...

#...##....%..# , ###
* * #####....[...#
*, #.. ,
,###........(###,*
#.# *
***#..##...........,
#.# #..##........##.
#.#
#..######.##.#*,,
#.# #..# .# .# #<#
######.J# *.# ,# ,
#.# #......@#* .. ∩*
, #<# #.#####.# , *
.# * #.# #.#####.##
, , , ,
#.####......... ** *
* #.......>....##
############## *, ,
* *


You could see a very large slime creature.

Vanquished Creatures
  The ghost of CrazyColobok the Covered, an experienced MiFi of Trog (D:5)
  Grinder (D:3)
  3 slime creatures (D:7)
  A manticore (D:5)
  An orc warrior (D:3)
  5 ogres
  3 phantoms
  An ice beast (D:5)
  2 centaurs
  2 giant frogs
  2 hounds
  3 crimson imps
  Crazy Yiuf (D:3)
  A gnoll shaman (D:4)
  3 orc priests (D:3)
  2 scorpions
  3 jellies
  3 iguanas
  2 orc wizards
  4 worker ants
  A worker ant zombie (D:6)
  7 adders
  5 gnolls (D:4)
  A giant centipede (D:6)
  A steam dragon zombie (D:6)
  A giant mite (D:3)
  A worm (D:2)
  A giant eyeball (D:6)
  8 giant geckos
  An ooze (D:1)
  27 orcs
  A ball python (D:3)
  5 giant cockroaches
  21 hobgoblins
  13 kobolds
  3 quokkas
  6 bats
  8 giant newts
  6 goblins
  7 jackals
  An orc skeleton (D:3)
  18 rats
  A rat skeleton (D:4)
188 creatures vanquished.

Notes
Turn   | Place    | Note
--------------------------------------------------------------
     0 | D:1      | Malachi, the Deep Dwarf Berserker, began the quest for the Orb.
     0 | D:1      | Reached XP level 1. HP: 21/21 MP: 0/0
   297 | D:1      | Reached XP level 2. HP: 21/28 MP: 1/1
   450 | D:1      | Acquired Trog's second power
   908 | D:2      | Reached XP level 3. HP: 36/36 MP: 2/2
  1300 | D:2      | Found a burning altar of Makhleb.
  1410 | D:2      | Reached skill level 4 in Axes
  1418 | D:2      | Reached XP level 4. HP: 33/43 MP: 3/3
  1452 | D:2      | Reached skill level 1 in Stealth
  1821 | D:3      | Noticed an orc warrior
  1838 | D:3      | Reached XP level 5. HP: 32/50 MP: 4/4
  2000 | D:3      | Killed an orc warrior
  2000 | D:3      | Reached skill level 5 in Axes
  2002 | D:3      | Reached XP level 6. HP: 57/57 MP: 5/5
  2095 | D:3      | Noticed Crazy Yiuf
  2106 | D:3      | Killed Crazy Yiuf
  2235 | D:3      | Noticed Grinder
  2251 | D:3      | Paralysed by Grinder for 6 turns
  2295 | D:3      | Killed Grinder
  2295 | D:3      | Reached skill level 6 in Axes
  2295 | D:3      | Reached skill level 5 in Dodging
  2295 | D:3      | Reached XP level 7. HP: 35/64 MP: 6/6
  2523 | D:3      | Found an iron altar of Okawaru.
  2679 | D:3      | Found a sparkling altar of Nemelex Xobeh.
  2679 | D:3      | Found a blossoming altar of Fedhas.
  2833 | D:4      | Acquired Trog's third power
  2913 | D:4      | Reached skill level 7 in Axes
  3282 | D:4      | Reached XP level 8. HP: 58/73 MP: 7/7
  3694 | D:5      | Entered Level 5 of the Dungeon
  3810 | D:5      | Noticed CrazyColobok's ghost (experienced MiFi)
  3819 | D:5      | Paralysed by CrazyColobok's ghost for 4 turns
  3842 | D:5      | Killed CrazyColobok's ghost
  3842 | D:5      | Reached skill level 8 in Axes
  3842 | D:5      | Reached skill level 5 in Armour
  3939 | D:5      | Found a shimmering altar of Xom.
  4202 | D:5      | Reached skill level 9 in Axes
  4215 | D:5      | Gained mutation: You passively map the area around you. [level up]
  4215 | D:5      | Reached XP level 9. HP: 29/80 MP: 8/8
  4396 | D:6      | Reached skill level 5 in Fighting
  4858 | D:6      | Found Qahu's Antique Armour Shop.
  4861 | D:6      | Bought a pair of faintly humming gloves for 167 gold pieces
  4865 | D:6      | Identified the cursed -2 pair of gloves of the Turtledove {+Blink MR++} (You bought it in a shop on level 6 of the Dungeon)
  4886 | D:6      | Paralysed by a giant eyeball for 4 turns
  5296 | D:6      | Got a crude scale mail
  5315 | D:6      | Identified the cursed -4 scale mail of Trial and Error {MR++ Str+2 Dam+6 Stlth++} (You found it on level 6 of the Dungeon)
  5607 | D:7      | Reached skill level 10 in Axes
  5663 | D:7      | HP: 4/81 [slime creature (5)]
  5669 | D:7      | Annihilated by a very large slime creature

Action                   |  1- 3 |  4- 6 |  7- 9 || total
-------------------------+-------+-------+-------++-------
Melee: Hand axe          |   130 |   136 |   413 ||   679
       War axe           |       |       |    66 ||    66
       Broad axe         |       |       |    31 ||    31
Throw: Tomahawk          |       |     8 |       ||     8
Invok: Trog's Hand       |     2 |     5 |    14 ||    21
       Berserk           |     2 |     6 |     8 ||    16
Evoke: Wand              |       |     2 |     2 ||     4
  Use: Scroll            |       |     4 |    12 ||    16
       Potion            |       |       |     7 ||     7
